 Dungeon Crawl Stone Soup version 0.28.0-47-ge53b351184 (webtiles) character file.

Game seed: 4624157562386851409

737 issech the Cudgeller (level 7, -18/68 HPs)
             Began as a Troll Fighter on Apr 30, 2022.
             Demolished by an ogre
             ... wielding a +0 giant spiked club
              (28 damage)
             ... on level 5 of the Dungeon.
             The game lasted 00:13:18 (3215 turns).

issech the Cudgeller (Troll Fighter)                Turns: 3215, Time: 00:13:19

Health: -18/68     AC:  4    Str: 29    XL:     7   Next: 46%
Magic:  6/6        EV:  9    Int:  4    God:
Gold:   119        SH:  8    Dex: 11    Spells: 6/6 levels left

rFire   . . .      SeeInvis .   x - +7 flail "Hydra's Foe" {drain, Fragile Str+4}
rCold   . . .      Faith    .   c - +0 kite shield
rNeg    . . .      Spirit   .   b - +0 robe
rPois   .          Reflect  .   (helmet restricted)
rElec   .          Harm     .   (no cloak)
rCorr   .          Rampage  .   (gloves unavailable)
Will    .....                   (boots unavailable)
Stlth   +.........              q - amulet of regeneration
HPRegen 1.81/turn               (no ring)
MPRegen 0.10/turn               (no ring)

@: no status effects
A: large, unfitting armour, claws 3, regeneration 1, shaggy fur 1, tough skin 1
a: no special abilities


You were on level 5 of the Dungeon.
You visited 1 branch of the dungeon, and saw 5 of its levels.

You collected 255 gold pieces.
You spent 136 gold pieces at shops.

Inventory:

Hand Weapons
 a - a +0 flail
 k - a +0 dagger of holy wrath
 m - a +0 hunting sling
 p - a +0 dagger of pain
 x - the +7 flail "Hydra's Foe" (weapon) {drain, Fragile Str+4}
   (You bought it in a shop on level 3 of the Dungeon)

   A truly terrible weapon, it drains the life of any living foe it strikes.
   Str:       It affects your strength (+4).
   Fragile:   It will be destroyed if unequipped.
 D - the +6 whip "Vuviuh Evea" {speed, Str+2}
   (You found it on level 5 of the Dungeon)

   Attacks with this weapon are significantly faster.
   Str:       It affects your strength (+2).
Missiles
 g - 6 boomerangs (quivered)
 l - 46 stones
 n - 40 arrows
 A - 21 bolts
Armour
 b - a +0 robe (worn)
 c - a +0 kite shield (worn)
Jewellery
 q - an amulet of regeneration (around neck)
Wands
 y - a wand of mindburst (14)
Scrolls
 e - a scroll of vulnerability {unknown}
 f - 2 scrolls of noise {unknown}
 h - a scroll of enchant weapon {unknown}
 i - 2 scrolls of fear {unknown}
 j - 3 scrolls of immolation {unknown}
 s - 2 scrolls of identify {unknown}
 w - a scroll of amnesia {unknown}
 C - a scroll of brand weapon {unknown}
Potions
 d - 3 potions of might
 o - 2 potions of berserk rage {unknown}
 r - a potion of invisibility {unknown}
 t - 2 potions of resistance {unknown}
 u - a potion of lignification {unknown}
 v - 2 potions of heal wounds {unknown}
 z - a potion of curing {unknown}
 B - a potion of brilliance {unknown}


   Skills:
 + Level 3.9 Fighting
 + Level 5.0 Maces & Flails
 + Level 0.4 Throwing
 + Level 3.6 Dodging
 + Level 0.9 Stealth
 + Level 3.7 Shields


You had 6 spell levels left.
You didn't know any spells.
Your spell library contained the following spells:

 Spells                   Type           Power      Damage    Failure   Level
 Magic Dart               Conj           0%         1d3       80%         1
 Call Imp                 Summ           0%         N/A       90%         2
 Scorch                   Fire           0%         2d5       90%         2
 Mephitic Cloud           Conj/Pois/Air  0%         N/A       99%         3
 Stone Arrow              Conj/Erth      0%         3d7       99%         3
 Animate Armour           Summ/Erth      0%         N/A       100%        4
 Flame Wave               Conj/Fire      0%         2d4       100%        4
 Summon Cactus Giant      Summ           0%         N/A       100%        6
 Lehudib's Crystal Spear  Conj/Erth      0%         10d2      100%        8


Dungeon Overview and Level Annotations

Branches:
Dungeon (5/15)
 Temple: D:4-7

Altars:

Shops:
D:1 [   D:3 ==(   D:5 (*


Innate Abilities, Weirdness & Mutations

You are too large for most types of armour.
You have claws for hands.
Your natural rate of healing is unusually fast.
You are covered in fur. (AC +1)
You have tough skin. (AC +1)


Message History

Found an escape hatch in the floor.
There is an escape hatch in the floor here.
You see here a scorpion corpse.
Found an iridescent whip.
You now have enough gold to buy a cloak on this level.
You can access your shopping list by pressing '$'.
You now have 111 gold pieces (gained 15).
Found 8 gold pieces.
Found an escape hatch in the ceiling.
You see here the +6 whip "Vuviuh Evea" {speed, Str+2}.
D - the +6 whip "Vuviuh Evea" {speed, Str+2} You now have 119 gold pieces (gained 8).
An iguana comes into view.
You closely miss the iguana. The iguana bites you!
You hit the iguana.
The iguana is moderately wounded.
You block the iguana's attack. The iguana bites you!
You hit the iguana. You drain the iguana.
You kill the iguana!
Your Maces & Flails skill increases to level 5!
An ogre comes into view. It is wielding a +0 giant spiked club.
Found 17 gold pieces.
You hit the ogre.
The ogre is lightly wounded.
The ogre hits you with a +0 giant spiked club!!
You hit the ogre.
The ogre is moderately wounded.
You block the ogre's attack.
You barely miss the ogre.
The ogre is moderately wounded.
The ogre barely misses you.
You hit the ogre. You drain the ogre.
The ogre is heavily wounded.
The ogre hits you with a +0 giant spiked club!!
You hit the ogre.
The ogre is heavily wounded.
The ogre hits you with a +0 giant spiked club!!
* * * LOW HITPOINT WARNING * * *
The ogre hits you with a +0 giant spiked club!!
You die...

### #. #.##### #.
..$....#.##
......###.
..........#
#......
.......#..#
+.....#
.......#..#
##.....#
.........#
#....... ........#
#......# #..O.#
#......+ #...@#
#......# #....#
#......# #....#
###...####
####.#######....##
#............#
####.........+
.............#
..............#
...............#


You could see an ogre (drained).

Vanquished Creatures
  4 scorpions
  A water moccasin skeleton (D:4)
  A killer bee (D:5)
  5 hounds (D:4)
  A jelly (D:4)
  2 iguanas
  5 gnolls (D:4)
  3 adders
  6 worms
  3 dart slugs
  5 orcs
  4 endoplasms
  A giant cockroach (D:2)
  8 goblins
  8 hobgoblins
  A jackal (D:4)
  3 quokkas
  5 ball pythons
  5 bats
  4 frilled lizards
  6 kobolds
  6 rats
87 creatures vanquished.

Notes
Turn   | Place    | Note
-------+----------+-------------------------------------------
     0 | D:1      | issech the Troll Fighter began the quest for the Orb.
     0 | D:1      | Reached XP level 1. HP: 22/22 MP: 0/0
    97 | D:1      | Found Gusiruir's Antique Armour Shop.
   433 | D:1      | Reached XP level 2. HP: 28/29 MP: 1/1
   684 | D:2      | Reached skill level 2 in Maces & Flails
   719 | D:2      | Reached XP level 3. HP: 36/36 MP: 2/2
  1238 | D:2      | Reached XP level 4. HP: 45/45 MP: 3/3
  1403 | D:3      | Found Evothop's Jewellery Emporium.
  1673 | D:3      | Found Zarar's Jewellery Shop.
  1758 | D:3      | Found Ithruf's Antique Weapon Shoppe.
  1780 | D:3      | Bought a shimmering flail for 136 gold pieces
  1780 | D:3      | Identified the +7 flail "Hydra's Foe" {drain, Fragile
                  | Str+4} (You bought it in a shop on level 3 of the Dungeon)
  1965 | D:3      | Found a faded altar of an unknown god.
  2116 | D:4      | Noticed a scorpion
  2119 | D:4      | Killed a scorpion
  2120 | D:4      | Reached skill level 3 in Maces & Flails
  2120 | D:4      | Reached XP level 5. HP: 53/53 MP: 4/4
  2455 | D:4      | Reached XP level 6. HP: 59/61 MP: 5/5
  2691 | D:4      | Reached skill level 4 in Maces & Flails
  2758 | D:4      | Reached XP level 7. HP: 49/68 MP: 6/6
  2908 | D:5      | Entered Level 5 of the Dungeon
  2923 | D:5      | Found Piloap's Assorted Antiques.
  2979 | D:5      | Found Dicliluh's Weapon Shoppe.
  3165 | D:5      | Identified the +6 whip "Vuviuh Evea" {speed, Str+2}
  3203 | D:5      | Reached skill level 5 in Maces & Flails
  3215 | D:5      | Demolished by an ogre

Illustrated notes

Levels and vault maps discovered:
D:1:      ebering_hopf_link, layout_loops_ring, serial_shops, shop
D:2:      layout_loops_ring, minmay_between
D:3:      layout_basic, serial_shops, nicolae_lakefront_shop,
          nicolae_shop_overgrown_old_shop, shop, ebering_ecumenical_altar_box
D:4:      cheibrodos_barr_body, layout_loops_ring, minmay_misc_feat_roman,
          cheibrodos_gnoll_hut
D:5:      lemuel_ice_spiral_2, layout_basic, mainiacjoe_overflow_alcove_4,
          minmay_temple_entry_enclosed_plants, serial_shops, shop, shop,
          eino_tiny_chamber

Skill      XL: |  1  2  3  4  5  6  7 |
---------------+----------------------+-----
Maces & Flails | 2 3 4 5 |  5.0
Fighting       | 3 |  3.9
Dodging        | 3 |  3.6
Shields        | 3 |  3.7
Throwing       | |  0.4
Stealth        | |  0.9

Action                   |  1- 3 |  4- 6 |  7- 9 || total
-------------------------+-------+-------+-------++-------
Melee: Flail             |   117 |    94 |    19 ||   230
Throw: Boomerang         |     3 |     5 |       ||     8
 Stab: Sleeping          |     1 |     1 |       ||     2
Armor: Robe              |    43 |    22 |     1 ||    66
Dodge: Dodged            |    56 |    35 |     1 ||    92
Block: Kite shield       |    59 |    58 |     9 ||   126
